[Event "SixDays Budapest IM-B 10-2024"]
[Site "Budapest"]
[Date "2024.09.30"]
[Round "1.1"]
[White "Bhagat Kush"]
[Black "Kao, Jamison Edrich"]
[Result "0-1"]
[ECO "E73"]
[WhiteElo "2245"]
[BlackElo "2125"]
[Annotator "RC"]
[PlyCount "88"]
[EventDate "2024.09.24"]
[EventType "tourn"]
[EventCountry "HUN"]
[SourceTitle "playchess.com"]
[Source "ChessBase"]
[SourceQuality "1"]
[TimeControl "5400+30"]

1. d4 Nf6 2. c4 g6 3. Nc3 Bg7 4. e4 d6 5. Be2 O-O 6. Be3 Na6 7. g4 c5 8. d5 Nc7 9. g5 Nd7 10. Nf3 Nb6 11. Nd2 e6 12. h4 f5 13. gxf6 Qxf6 14. Qc2 exd5 15. cxd5 Nd7 16. O-O-O b5 17. Rdg1 Ba6 18. Nd1 c4 19. f4 Nc5 20. e5 Qf7 21. h5 Nd3+ 22. Bxd3 cxd3 23. Qxd3 b4 24. hxg6 Bxd3 25. gxf7+ Rxf7 26. Nf2 Bg6 27. e6 Rf5 28. Nde4 Nxd5 29. Kd2 Nxf4 30. Rg5 Nxe6 31. Rxf5 Bxf5 32. b3 d5 33. Nd6 Bg6 34. Ng4 Rd8 35. Nb7 Rc8 36. Nh6+ Kh8 37. Nd6 Rc2+ 38. Kd1 Bc3 39. Nhf7+ Kg7 40. Bh6+ Kg8 41. Bc1 Rxa2 42. Nh6+ Kh8 43. Rg1 Bc2+ 44. Ke2 Be4+ 0-1

[Event "SixDays Budapest IM-B 10-2024"]
[Site "Budapest"]
[Date "2024.09.30"]
[Round "1.2"]
[White "Md Imran"]
[Black "Horvath, David"]
[Result "1/2-1/2"]
[ECO "A05"]
[WhiteElo "2337"]
[BlackElo "2327"]
[Annotator "RC"]
[PlyCount "146"]
[EventDate "2024.09.24"]
[EventType "tourn"]
[EventCountry "HUN"]
[SourceTitle "playchess.com"]
[Source "ChessBase"]
[SourceQuality "1"]
[TimeControl "5400+30"]

1. Nf3 Nf6 2. b3 d5 3. Bb2 Bf5 4. g3 e6 5. Bg2 Be7 6. O-O O-O 7. d3 h6 8. c4 c6 9. Nc3 Nbd7 10. Qd2 a5 11. Rad1 Bh7 12. cxd5 cxd5 13. Rc1 Nc5 14. Qe3 Nfd7 15. Bh3 a4 16. bxa4 Nxa4 17. Nxa4 Rxa4 18. Bxe6 fxe6 19. Qxe6+ Kh8 20. Qxd5 Bg8 21. Qxb7 Rb4 22. Bxg7+ Kxg7 23. Qa7 Bf6 24. a3 Rb8 25. Qa4 Ne5 26. Nd2 Ra8 27. Qb4 Be7 28. Qb2 Bf6 29. Qb4 Be7 30. Qb2 Qb8 31. Qd4 Bf6 32. Qe3 Bd5 33. Rc5 Qd6 34. Rfc1 Rxa3 35. Ne4 Bxe4 36. Qxe4 Ng6 37. h4 Ra1 38. Rxa1 Qxc5 39. Ra6 Ne7 40. Re6 Rb8 41. Qg4+ Ng6 42. h5 Qg5 43. Qxg5 hxg5 44. hxg6 Kxg6 45. Re4 Kf5 46. g4+ Kg6 47. Kg2 Kf7 48. Kf3 Rb5 49. Ra4 Rb2 50. Ra7+ Be7 51. Ra5 Ke6 52. e3 Rc2 53. Rf5 Rb2 54. Ke4 Rb4+ 55. d4 Rb2 56. f3 Rb3 57. Re5+ Kf6 58. f4 gxf4 59. exf4 Bd6 60. g5+ Kf7 61. Rf5+ Ke6 62. g6 Rg3 63. d5+ Ke7 64. Rf7+ Ke8 65. Rf6 Ke7 66. Re6+ Kd7 67. Rf6 Ke7 68. Kf5 Rg1 69. Rf7+ Ke8 70. Ra7 Bxf4 71. Kxf4 Rxg6 72. Ke5 Kd8 73. Rh7 Ra6 1/2-1/2

[Event "SixDays Budapest IM-B 10-2024"]
[Site "Budapest"]
[Date "2024.09.30"]
[Round "1.3"]
[White "Fodor, Balazs"]
[Black "Kalosha, Zhiulien Oleksii"]
[Result "0-1"]
[ECO "A05"]
[WhiteElo "2240"]
[BlackElo "2232"]
[Annotator "RC"]
[PlyCount "84"]
[EventDate "2024.09.24"]
[EventType "tourn"]
[EventCountry "HUN"]
[SourceTitle "playchess.com"]
[Source "ChessBase"]
[SourceQuality "1"]
[TimeControl "5400+30"]

1. Nf3 Nf6 2. b3 d5 3. Bb2 c5 4. e3 a6 5. c4 e6 6. cxd5 exd5 7. g3 Nc6 8. Bg2 Be7 9. O-O O-O 10. d4 Bg4 11. dxc5 Bxc5 12. Nc3 h6 13. Ne2 Be7 14. h3 Bf5 15. Nfd4 Bh7 16. Nf4 Qd6 17. Qe2 Rfd8 18. Rfd1 Rac8 19. Nxc6 bxc6 20. Qxa6 g5 21. Ne2 Ra8 22. Qb6 Bc2 23. Rdc1 Nd7 24. Qd4 Bf6 25. Qd2 Bxb2 26. Qxc2 Bxa1 27. Rxa1 Rac8 28. Rd1 Qf6 29. Nd4 c5 30. Nf5 Nb6 31. g4 d4 32. Qb2 Nd5 33. Bxd5 Rxd5 34. exd4 Rcd8 35. Qe2 Kh8 36. Rd3 cxd4 37. a4 Kh7 38. b4 Re5 39. Qf3 Re1+ 40. Kg2 Ra1 41. a5 Rd7 42. Qe4 Qe6 0-1

[Event "SixDays Budapest IM-B 10-2024"]
[Site "Budapest"]
[Date "2024.09.30"]
[Round "1.4"]
[White "Nemeth, Zalan"]
[Black "Nanditha V"]
[Result "1-0"]
[ECO "E62"]
[WhiteElo "2211"]
[BlackElo "1903"]
[Annotator "RC"]
[PlyCount "115"]
[EventDate "2024.09.24"]
[EventType "tourn"]
[EventCountry "HUN"]
[SourceTitle "playchess.com"]
[Source "ChessBase"]
[SourceQuality "1"]
[TimeControl "5400+30"]

1. d4 Nf6 2. c4 g6 3. g3 Bg7 4. Bg2 O-O 5. Nc3 d6 6. Nf3 Nc6 7. O-O e5 8. d5 Nb8 9. e4 a5 10. c5 Na6 11. cxd6 cxd6 12. Nd2 Bd7 13. a4 Bh6 14. Nc4 Bxc1 15. Rxc1 Ne8 16. f4 f6 17. Qf3 Rc8 18. Nb5 Rxc4 19. Rxc4 Bxb5 20. axb5 Qb6+ 21. Qf2 Qxb5 22. Rc8 Qd7 23. Ra8 exf4 24. Qxf4 Kg7 25. Qe3 Qb5 26. Qc3 Rf7 27. Bh3 Nec7 28. Rc8 Qc5+ 29. Qxc5 Nxc5 30. e5 dxe5 31. Rc1 b6 32. Rxc5 bxc5 33. d6 f5 34. dxc7 Kh6 35. Kf2 c4 36. Bf1 c3 37. bxc3 a4 38. Bc4 Re7 39. h4 a3 40. Ke3 Kh5 41. Be2+ Kh6 42. Ra8 Rxc7 43. Rxa3 Rc6 44. c4 g5 45. hxg5+ Kxg5 46. Ra5 Kf6 47. c5 Kg5 48. Kd3 h5 49. Kc4 h4 50. gxh4+ Kxh4 51. Kd5 Rc8 52. Ba6 Re8 53. c6 e4 54. c7 e3 55. c8=R Rxc8 56. Bxc8 e2 57. Ra1 Kg3 58. Ba6 1-0

[Event "SixDays Budapest IM-B 10-2024"]
[Site "Budapest"]
[Date "2024.09.30"]
[Round "1.5"]
[White "To, Nhat Minh"]
[Black "Gatineau, Yovann"]
[Result "1-0"]
[ECO "C01"]
[WhiteElo "2300"]
[BlackElo "2400"]
[Annotator "RC"]
[PlyCount "107"]
[EventDate "2024.09.24"]
[EventType "tourn"]
[EventCountry "HUN"]
[SourceTitle "playchess.com"]
[Source "ChessBase"]
[SourceQuality "1"]
[TimeControl "5400+30"]

1. e4 e6 2. d4 d5 3. exd5 exd5 4. Nf3 Nc6 5. Nc3 a6 6. a3 Be6 7. Bf4 Bd6 8. Qd2 Nge7 9. h3 h6 10. O-O-O b5 11. Bxd6 cxd6 12. Ne2 g5 13. h4 g4 14. Ne1 b4 15. axb4 Qb6 16. c3 a5 17. b5 Qxb5 18. Nf4 Qb6 19. Nc2 Kd7 20. Na3 Rae8 21. Bd3 Ng8 22. Nh5 Rc8 23. Qf4 Nb4 24. Bb1 Qc6 25. Rhe1 Ne7 26. Kd2 Na6 27. Re2 Nc7 28. Nf6+ Kd8 29. Ke1 Rb8 30. Kf1 h5 31. Qg5 Ne8 32. Nxh5 Qd7 33. Nf6 Nxf6 34. Qxf6 Kc7 35. g3 Rbe8 36. Bd3 Nc6 37. Rde1 Qe7 38. Qf4 Rh5 39. Kg1 Reh8 40. Nb5+ Kd7 41. b3 Ne5 42. dxe5 Rxh4 43. f3 gxf3 44. gxh4 fxe2 45. exd6 Qd8 46. Rxe2 Rxh4 47. Qe3 d4 48. Nxd4 Qg8+ 49. Rg2 Qh8 50. Nxe6 Rh1+ 51. Kf2 Qh4+ 52. Qg3 Qf6+ 53. Nf4 Qxd6 54. Qe3 1-0

[Event "SixDays Budapest IM-B 10-2024"]
[Site "Budapest"]
[Date "2024.10.01"]
[Round "2.1"]
[White "Kao, Jamison Edrich"]
[Black "Gatineau, Yovann"]
[Result "0-1"]
[ECO "B12"]
[WhiteElo "2125"]
[BlackElo "2400"]
[Annotator "RC"]
[PlyCount "188"]
[EventDate "2024.09.24"]
[EventType "tourn"]
[EventCountry "HUN"]
[SourceTitle "playchess.com"]
[Source "ChessBase"]
[SourceQuality "1"]
[TimeControl "5400+30"]

1. e4 c6 2. d4 d5 3. e5 c5 4. c4 cxd4 5. Nf3 e6 6. Nxd4 dxc4 7. Nc3 Bd7 8. Bxc4 Nc6 9. Nf3 Nge7 10. O-O Ng6 11. Qe2 a6 12. Bd2 Be7 13. Rfe1 O-O 14. g3 b5 15. Bb3 b4 16. Na4 Ncxe5 17. Nxe5 Nxe5 18. Rad1 Ng6 19. Be3 Qe8 20. Rxd7 Qxd7 21. Nb6 Qb7 22. Nxa8 Rxa8 23. Bd4 Rd8 24. Qg4 Bf6 25. Bxf6 gxf6 26. h4 Kf8 27. Qe4 Qxe4 28. Rxe4 a5 29. Rc4 Ne5 30. Rc5 Ra8 31. Bc2 h6 32. a3 bxa3 33. bxa3 Ke7 34. Be4 Ra7 35. a4 Kd6 36. Rb5 f5 37. f4 Nd7 38. Bf3 Nc5 39. Rb6+ Ke7 40. Bc6 Kd8 41. Bb5 Ne4 42. Kg2 Nc3 43. Kh3 Nd5 44. Rd6+ Ke7 45. Rc6 Nb4 46. Rc1 Kf6 47. Rc8 Nd5 48. Rc6 Ra8 49. Kg2 Nb4 50. Rc7 Nd5 51. Rc6 Ra7 52. Kh3 Ne3 53. Rc3 Nd1 54. Rc1 Nf2+ 55. Kg2 Ne4 56. Kf3 Nd6 57. Rc5 Ke7 58. Bd3 Rd7 59. Ke3 Nb7 60. Rb5 Kd8 61. Be2 Kc8 62. g4 fxg4 63. Bxg4 f5 64. Bf3 Nd6 65. Rc5+ Kd8 66. Be2 Ra7 67. h5 Kd7 68. Bb5+ Ke7 69. Be2 Ne4 70. Re5 Nf6 71. Bf3 Kd6 72. Kd4 Nd7 73. Rb5 Ra6 74. Be2 Ra8 75. Bc4 Ra7 76. Be2 Ke7 77. Bf3 Ra6 78. Ke3 Nf6 79. Rb7+ Kd6 80. Kd4 Nd7 81. Rb5 Rb6 82. Rxa5 Rb4+ 83. Ke3 Nc5 84. Ra8 Nxa4 85. Rh8 Nc5 86. Rxh6 Rb3+ 87. Ke2 Nd3 88. Rh7 Nxf4+ 89. Kf2 Nh3+ 90. Kg2 Rxf3 91. Rg7 Ra3 92. h6 Nf4+ 93. Kf2 Rh3 94. h7 Ke5 0-1

[Event "SixDays Budapest IM-B 10-2024"]
[Site "Budapest"]
[Date "2024.10.01"]
[Round "2.2"]
[White "Nanditha V"]
[Black "To, Nhat Minh"]
[Result "1/2-1/2"]
[ECO "C47"]
[WhiteElo "1903"]
[BlackElo "2300"]
[Annotator "RC"]
[PlyCount "30"]
[EventDate "2024.09.24"]
[EventType "tourn"]
[EventCountry "HUN"]
[SourceTitle "playchess.com"]
[Source "ChessBase"]
[SourceQuality "1"]
[TimeControl "5400+30"]

1. e4 e5 2. Nf3 Nc6 3. Nc3 Nf6 4. d4 exd4 5. Nxd4 Bb4 6. Nxc6 bxc6 7. Bd3 d5 8. exd5 cxd5 9. O-O O-O 10. h3 Rb8 11. Bg5 c6 12. Qf3 Bd6 13. Rab1 h6 14. Bxf6 Qxf6 15. Qxf6 gxf6 1/2-1/2

[Event "SixDays Budapest IM-B 10-2024"]
[Site "Budapest"]
[Date "2024.10.01"]
[Round "2.3"]
[White "Kalosha, Zhiulien Oleksii"]
[Black "Nemeth, Zalan"]
[Result "1/2-1/2"]
[ECO "B32"]
[WhiteElo "2232"]
[BlackElo "2211"]
[Annotator "RC"]
[PlyCount "42"]
[EventDate "2024.09.24"]
[EventType "tourn"]
[EventCountry "HUN"]
[SourceTitle "playchess.com"]
[Source "ChessBase"]
[SourceQuality "1"]
[TimeControl "5400+30"]

1. e4 c5 2. Nf3 Nc6 3. d4 cxd4 4. Nxd4 e5 5. Nb5 d6 6. c4 g6 7. N1c3 a6 8. Na3 Bg7 9. Nc2 Nf6 10. f3 Be6 11. Be3 O-O 12. Qd2 Rc8 13. O-O-O Nd4 14. Nxd4 exd4 15. Bxd4 Bxc4 16. Bxc4 Rxc4 17. Rhe1 b5 18. Kb1 Re8 19. Nd5 Nxd5 20. Bxg7 Kxg7 21. Qxd5 Qc7 1/2-1/2

[Event "SixDays Budapest IM-B 10-2024"]
[Site "Budapest"]
[Date "2024.10.01"]
[Round "2.5"]
[White "Bhagat Kush"]
[Black "Md Imran"]
[Result "1-0"]
[ECO "A40"]
[WhiteElo "2245"]
[BlackElo "2337"]
[Annotator "RC"]
[PlyCount "111"]
[EventDate "2024.09.24"]
[EventType "tourn"]
[EventCountry "HUN"]
[SourceTitle "playchess.com"]
[Source "ChessBase"]
[SourceQuality "1"]
[TimeControl "5400+30"]

1. d4 g6 2. Nf3 Bg7 3. Bf4 d6 4. e3 Nf6 5. Be2 O-O 6. h3 c5 7. c3 Qb6 8. Qb3 Be6 9. Qxb6 axb6 10. a3 Nc6 11. Nbd2 h6 12. O-O d5 13. Ne5 Nd7 14. Nxd7 Bxd7 15. Bc7 cxd4 16. exd4 Nxd4 17. cxd4 Bxd4 18. Nf3 Bxb2 19. Rab1 Bxa3 20. Bxb6 Bc6 21. Ne5 Bd6 22. Nxc6 bxc6 23. Rfc1 Rfc8 24. Bc5 Bf4 25. Rc2 Kf8 26. g3 Be5 27. Be3 Kg7 28. Bf3 e6 29. Rbc1 Ra1 30. Rxa1 Bxa1 31. Bb6 Kf6 32. Be2 Ke5 33. Ba6 Ra8 34. Bb7 Ra3 35. Bxc6 Bc3 36. Bc5 Ra1+ 37. Kg2 d4 38. Be7 Re1 39. Kf3 Kf5 40. g4+ Ke5 41. Re2+ Rxe2 42. Kxe2 f5 43. g5 hxg5 44. Bxg5 Kd6 45. Be8 e5 46. Bxg6 Ke6 47. f3 Bb4 48. h4 Bf8 49. Kd3 Bg7 50. Kc4 Bf6 51. Be8 Ke7 52. Bb5 Kf7 53. Bxf6 Kxf6 54. Kd5 e4 55. f4 d3 56. h5 1-0

[Event "SixDays Budapest IM-B 10-2024"]
[Site "Budapest"]
[Date "2024.10.01"]
[Round "3.1"]
[White "Gatineau, Yovann"]
[Black "Nanditha V"]
[Result "1-0"]
[ECO "E73"]
[WhiteElo "2400"]
[BlackElo "1903"]
[Annotator "RC"]
[PlyCount "49"]
[EventDate "2024.09.24"]
[EventType "tourn"]
[EventCountry "HUN"]
[SourceTitle "playchess.com"]
[Source "ChessBase"]
[SourceQuality "1"]
[TimeControl "5400+30"]

1. d4 Nf6 2. c4 g6 3. Nc3 Bg7 4. e4 d6 5. Be2 O-O 6. Be3 e5 7. d5 c6 8. g4 cxd5 9. cxd5 Ne8 10. Bd3 f5 11. gxf5 gxf5 12. exf5 Bxf5 13. Bxf5 Rxf5 14. Nf3 Nd7 15. Rg1 Nc5 16. Ng5 h6 17. Nge4 Nxe4 18. Nxe4 Qh4 19. Qg4 Qxg4 20. Rxg4 Nf6 21. Nxf6+ Rxf6 22. Rc1 Kf8 23. Ke2 a6 24. Rcg1 Rf7 25. Rxg7 1-0

[Event "SixDays Budapest IM-B 10-2024"]
[Site "Budapest"]
[Date "2024.10.01"]
[Round "3.2"]
[White "Md Imran"]
[Black "Kao, Jamison Edrich"]
[Result "1-0"]
[ECO "A01"]
[WhiteElo "2337"]
[BlackElo "2125"]
[Annotator "RC"]
[PlyCount "121"]
[EventDate "2024.09.24"]
[EventType "tourn"]
[EventCountry "HUN"]
[SourceTitle "playchess.com"]
[Source "ChessBase"]
[SourceQuality "1"]
[TimeControl "5400+30"]

1. b3 Nf6 2. Bb2 g6 3. g3 Bg7 4. Bg2 O-O 5. Nf3 d6 6. O-O e5 7. d3 Re8 8. c4 c6 9. Qc2 h6 10. Nbd2 Nbd7 11. Ne4 Nf8 12. Ba3 c5 13. Nxf6+ Qxf6 14. b4 Qe7 15. bxc5 dxc5 16. Nd2 Rb8 17. Ne4 b6 18. Nc3 Be6 19. Rab1 Qd7 20. Nd5 Bh3 21. Bc1 Kh7 22. a4 Bxg2 23. Kxg2 Ne6 24. e4 f5 25. Bd2 f4 26. f3 h5 27. gxf4 Rf8 28. fxe5 Bxe5 29. Be3 Bd4 30. Bxd4 cxd4 31. Kh1 Rf7 32. a5 Rbf8 33. axb6 axb6 34. e5 Nf4 35. Nf6+ Rxf6 36. exf6 Rxf6 37. Rbe1 Qh3 38. Qd2 g5 39. Rf2 Qf5 40. Re4 Qc5 41. Rf1 b5 42. Qa5 Qf5 43. Qa7+ Kg6 44. Qxd4 Qh3 45. Rf2 bxc4 46. dxc4 Ra6 47. Re1 h4 48. Qe4+ Kh6 49. Qd4 Kg6 50. c5 Ra3 51. Rg1 Qf5 52. Qd6+ Kh5 53. c6 Nh3 54. Qxa3 Nxf2+ 55. Kg2 Nd3 56. Qd6 h3+ 57. Kg3 Nf4 58. Qd7 Ne2+ 59. Kf2 Qc5+ 60. Kxe2 Qxg1 61. Qh7# 1-0

[Event "SixDays Budapest IM-B 10-2024"]
[Site "Budapest"]
[Date "2024.10.01"]
[Round "3.3"]
[White "Fodor, Balazs"]
[Black "Bhagat Kush"]
[Result "1/2-1/2"]
[ECO "E73"]
[WhiteElo "2240"]
[BlackElo "2245"]
[Annotator "RC"]
[PlyCount "42"]
[EventDate "2024.09.24"]
[EventType "tourn"]
[EventCountry "HUN"]
[SourceTitle "playchess.com"]
[Source "ChessBase"]
[SourceQuality "1"]
[TimeControl "5400+30"]

1. d4 Nf6 2. c4 g6 3. Nc3 Bg7 4. e4 d6 5. Be2 O-O 6. h3 e5 7. d5 Na6 8. Bg5 c6 9. Nf3 cxd5 10. cxd5 Nc5 11. Nd2 a5 12. a4 h6 13. Be3 b6 14. Qc2 Ne8 15. g4 f5 16. gxf5 gxf5 17. Rg1 Qh4 18. O-O-O f4 19. Nf3 Qe7 20. Bxc5 bxc5 21. h4 Nf6 1/2-1/2

[Event "SixDays Budapest IM-B 10-2024"]
[Site "Budapest"]
[Date "2024.10.01"]
[Round "3.4"]
[White "Nemeth, Zalan"]
[Black "Horvath, David"]
[Result "1/2-1/2"]
[ECO "D35"]
[WhiteElo "2211"]
[BlackElo "2327"]
[Annotator "RC"]
[PlyCount "23"]
[EventDate "2024.09.24"]
[EventType "tourn"]
[EventCountry "HUN"]
[SourceTitle "playchess.com"]
[Source "ChessBase"]
[SourceQuality "1"]
[TimeControl "5400+30"]

1. d4 Nf6 2. c4 e6 3. Nc3 d5 4. cxd5 exd5 5. Bg5 c6 6. e3 h6 7. Bh4 Be7 8. Bd3 O-O 9. Nf3 Nbd7 10. O-O Ne4 11. Bg3 Nxg3 12. hxg3 1/2-1/2

[Event "SixDays Budapest IM-B 10-2024"]
[Site "Budapest"]
[Date "2024.10.02"]
[Round "4.1"]
[White "Kalosha, Zhiulien Oleksii"]
[Black "Gatineau, Yovann"]
[Result "1/2-1/2"]
[ECO "C08"]
[WhiteElo "2232"]
[BlackElo "2400"]
[Annotator "RC"]
[PlyCount "132"]
[EventDate "2024.09.24"]
[EventType "tourn"]
[EventCountry "HUN"]
[SourceTitle "playchess.com"]
[Source "ChessBase"]
[SourceQuality "1"]
[TimeControl "5400+30"]

1. e4 e6 2. d4 d5 3. Nd2 c5 4. exd5 exd5 5. Ngf3 a6 6. Be2 cxd4 7. O-O Nf6 8. Re1 Be7 9. Nxd4 O-O 10. c3 h6 11. N2f3 Nc6 12. h3 Bd6 13. Bd3 Bc7 14. Be3 Re8 15. Qc2 Qd6 16. Nxc6 bxc6 17. Bd4 Rf8 18. c4 c5 19. Be5 Qb6 20. Bxf6 Qxf6 21. cxd5 Rb8 22. Qxc5 Bd6 23. Qc3 Rxb2 24. Qxf6 gxf6 25. Reb1 Rb7 26. Bxa6 Rxb1+ 27. Rxb1 Bxa6 28. Rb6 Be2 29. Rxd6 Bxf3 30. gxf3 Ra8 31. Rxf6 Rxa2 32. Rxh6 Rd2 33. Rd6 Kf8 34. Rd8+ Ke7 35. Rg8 Rxd5 36. Kg2 Kf6 37. f4 Rd4 38. Kg3 Rd3+ 39. f3 Rd1 40. Rg4 Kf5 41. Rg5+ Kf6 42. Kg2 Rd4 43. Kg3 Rd1 44. h4 Rg1+ 45. Kf2 Rh1 46. h5 Rh4 47. Ke3 Rh1 48. Ra5 Re1+ 49. Kf2 Rh1 50. Kg2 Rh4 51. Kg3 Rh1 52. h6 Kg6 53. Rg5+ Kf6 54. Ra5 Kg6 55. f5+ Kxh6 56. Kf4 Kg7 57. Ra6 Rb1 58. Rd6 Ra1 59. Rd4 Kf6 60. Rd6+ Kg7 61. Rc6 Rb1 62. Ra6 Rc1 63. Ke3 Re1+ 64. Kd4 Rd1+ 65. Ke5 Re1+ 66. Kf4 Rb1 1/2-1/2

[Event "SixDays Budapest IM-B 10-2024"]
[Site "Budapest"]
[Date "2024.10.02"]
[Round "4.2"]
[White "Kao, Jamison Edrich"]
[Black "Nanditha V"]
[Result "1-0"]
[ECO "B12"]
[WhiteElo "2125"]
[BlackElo "1903"]
[Annotator "RC"]
[PlyCount "209"]
[EventDate "2024.09.24"]
[EventType "tourn"]
[EventCountry "HUN"]
[SourceTitle "playchess.com"]
[Source "ChessBase"]
[SourceQuality "1"]
[TimeControl "5400+30"]

1. e4 c6 2. d4 d5 3. e5 c5 4. Nf3 Nc6 5. dxc5 Bg4 6. c3 e6 7. Be3 Bxf3 8. Qxf3 Nxe5 9. Qg3 Nc6 10. Bd3 Nf6 11. O-O Qb8 12. f4 Qc7 13. Nd2 O-O-O 14. b4 d4 15. cxd4 Nxb4 16. Bb1 Nbd5 17. Nb3 Nxe3 18. Qxe3 g6 19. Bd3 Bg7 20. Rab1 h5 21. Qd2 h4 22. Be2 Rd7 23. c6 bxc6 24. Ba6+ Kd8 25. Nc5 Ke7 26. Nxd7 Nxd7 27. Qb4+ Qd6 28. Rfd1 Qxb4 29. Rxb4 Nb6 30. Rc1 Rd8 31. Rxc6 Bxd4+ 32. Kf1 Be3 33. Ke2 Nd5 34. Rb7+ Kf6 35. g3 hxg3 36. hxg3 Bb6 37. a3 Rh8 38. Rd6 Rh2+ 39. Kf3 Rf2+ 40. Kg4 Ne3+ 41. Kh3 g5 42. fxg5+ Kxg5 43. Rb8 Kf6 44. Rd7 Ke5 45. Re8 Nd5 46. Rh8 f5 47. Rh6 Nf6 48. Re7 Bd8 49. Rg7 Ng4 50. Rxg4 fxg4+ 51. Kxg4 Bf6 52. a4 Rb2 53. Bb5 a6 54. Bxa6 Rb4+ 55. Kh5 Rxa4 56. Bc8 Rc4 57. Bb7 Rb4 58. Bc6 Rc4 59. Bb5 Rc5 60. Kg6 Be7 61. Kf7 Ke4 62. Rxe6+ Kf3 63. Bc6+ Kxg3 64. Kxe7 Kf4 65. Kd6 Ra5 66. Re8 Rg5 67. Bd5 Rg6+ 68. Kc5 Rg1 69. Re4+ Kf5 70. Re2 Rc1+ 71. Kd6 Kf4 72. Rf2+ Ke3 73. Rf3+ Kd4 74. Rf4+ Ke3 75. Ke5 Rc8 76. Rf3+ Ke2 77. Kd4 Rh8 78. Ra3 Rh4+ 79. Be4 Kf2 80. Rf3+ Ke2 81. Rg3 Kf2 82. Rg2+ Kf1 83. Ra2 Rg4 84. Ke3 Kg1 85. Rb2 Rg5 86. Kf4 Ra5 87. Bf3 Kf1 88. Kg3 Rg5+ 89. Bg4 Ke1 90. Re2+ Kf1 91. Rd2 Re5 92. Rd6 Re7 93. Rd8 Re5 94. Kf4 Re7 95. Bf3 Rf7+ 96. Ke3 Re7+ 97. Be4 Ke1 98. Rb8 Rd7 99. Rb6 Rd8 100. Rb7 Rd6 101. Bf5 Rd5 102. Rb8 Rd6 103. Rh8 Kf1 104. Be4 Rb6 105. Rh1# 1-0

[Event "SixDays Budapest IM-B 10-2024"]
[Site "Budapest"]
[Date "2024.10.02"]
[Round "4.3"]
[White "Horvath, David"]
[Black "To, Nhat Minh"]
[Result "1/2-1/2"]
[ECO "D27"]
[WhiteElo "2327"]
[BlackElo "2300"]
[Annotator "RC"]
[PlyCount "21"]
[EventDate "2024.09.24"]
[EventType "tourn"]
[EventCountry "HUN"]
[SourceTitle "playchess.com"]
[Source "ChessBase"]
[SourceQuality "1"]
[TimeControl "5400+30"]

1. d4 d5 2. c4 e6 3. Nf3 c6 4. e3 Nf6 5. Bd3 dxc4 6. Bxc4 a6 7. O-O c5 8. a4 Be7 9. Qe2 cxd4 10. exd4 O-O 11. Nc3 1/2-1/2

[Event "SixDays Budapest IM-B 10-2024"]
[Site "Budapest"]
[Date "2024.10.02"]
[Round "4.4"]
[White "Bhagat Kush"]
[Black "Nemeth, Zalan"]
[Result "0-1"]
[ECO "D31"]
[WhiteElo "2245"]
[BlackElo "2211"]
[Annotator "TA"]
[PlyCount "118"]
[EventDate "2024.09.24"]
[EventType "tourn"]
[EventCountry "HUN"]
[SourceTitle "playchess.com"]
[Source "ChessBase"]
[SourceQuality "1"]
[TimeControl "5400+30"]

1. d4 d5 2. c4 c6 3. Nc3 e6 4. e4 dxe4 5. Nxe4 Bb4+ 6. Nc3 e5 {[%emt 0:00:34] D31: Queen's Gambit Declined: Semi-Slav without ...Nf6 (+ Marshall Gambit and Noteboom) and Exchange Variation lines without ...Nf6.} 7. a3 Bxc3+ 8. bxc3 Qa5 9. Bd2 Nf6 10. Nf3 Nbd7 11. h3 Ne4 $146 ({Predecessor:} 11... O-O 12. Qc2 e4 13. Nh2 Nb6 14. c5 Qa4 15. Qb1 Nc4 16. Qb4 Qxb4 17. axb4 Be6 {1-0 Mendl,M (2537)-Bock,S (2562) W-ch32 final email 2020}) 12. Bd3 Nxd2 13. Qxd2 O-O 14. O-O exd4 15. cxd4 Qxd2 16. Nxd2 Rd8 17. a4 Nc5 18. dxc5 Rxd3 19. Ne4 Be6 20. Rfb1 Rd7 21. Rb4 f5 22. Ng5 a5 23. Rb2 Bxc4 24. Re1 Ba6 25. Re5 Rad8 ({Better is} 25... h6 $19 26. Nf3 Rad8 27. Rxf5 Rd1+ 28. Kh2 Rc1) 26. Rxf5 $17 Rd5 (26... h6 $17 27. Ne4 Rd4) 27. Ne6 $11 Rxf5 28. Nxd8 Rf4 29. Nxb7 Rb4 30. Rxb4 (30. Nxa5 $2 Rxb2 31. Nxc6 Rc2 $19) 30... axb4 31. Na5 Bd3 32. Nb3 $1 (32. Nxc6 $2 b3 33. Ne7+ Kf7 $19) (32. f3 Bc2 33. Kf2 (33. Nxc6 b3 $19) 33... Bxa4 $15) 32... Kf7 (32... Bc2 $2 33. a5 Bd3 (33... Bxb3 $2 34. a6 $18) 34. f4 $16) 33. f4 Ke6 (33... Bc2 34. a5 Bd3 (34... Bxb3 $2 35. a6 $18) 35. Kf2 $18) 34. Kf2 Kd5 (34... Bc4 $11 35. a5 Kd7 (35... Bxb3 $2 36. a6 $18)) 35. Ke3 $14 Kc4 {[%emt 0:01:01] [#]} (35... Bc2 $2 36. a5 Bxb3 37. a6 $18) 36. a5 (36. Na5+ $2 Kc3 37. h4 Bc2 $19) ({White should try} 36. Nd2+ $1 $16 Kc3 37. g4) 36... Kc3 $1 $11 37. Nd4 (37. g4 $11 {is more appropriate.}) 37... Ba6 $15 38. Ke4 $2 (38. Nf3 $15) 38... b3 39. Nxb3 Kxb3 40. Ke5 Kb4 (40... Ka4 $142 41. h4 Kxa5 42. Kd6 Bf1 43. Kxc6 Bxg2+ 44. Kd6 Bf3 45. c6 Kb6 46. Ke6 Bg4+ (46... Bxc6 $2 47. f5 $19) 47. Kd6 g6 48. Kd5 Kc7 49. Kd4 Kxc6 50. Ke5 Kc5 51. Ke4 Bf5+ 52. Ke3 h5 53. Ke2 Kd4 54. Kf3 Bg4+ 55. Kf2 Ke4 56. Kg1 Kxf4 57. Kf1 g5 (57... Kg3 58. Ke1 Kxh4 59. Kf2 Kh3 60. Kf1 Kg3 61. Ke1 h4 62. Kd2 h3 63. Ke3 h2 64. Kd3 h1=Q 65. Kc4 Qc6+ 66. Kb3 Bd1+ 67. Kb4 Kf2 68. Ka3 Qb5 69. Ka2 Bc2 70. Ka3 Qb3#) 58. hxg5 Kxg5 59. Kg1 Kf4 60. Kf1 Ke3 61. Kg2 h4 62. Kg1 Ke2 63. Kg2 Ke1 64. Kg1 h3 65. Kh1 Kf1 66. Kh2 Kf2 67. Kh1 Kg3 68. Kg1 h2+ 69. Kh1 Bf3#) 41. Kd6 Kxa5 42. Kxc6 Bf1 43. Kd6 Bxg2 44. h4 g6 45. h5 Kb5 46. hxg6 hxg6 47. Ke5 {[%emt 0:00:07] [#]} Bh3 $1 ({Not} 47... Kxc5 48. f5 $11) 48. Kd5 Bc8 49. Kd6 Bb7 $2 (49... Kc4 {mates} 50. c6 Bf5 51. c7 Kb5 52. Kd5 Kb6 53. Kd6 Bh3 (53... Kb7 {leads to mate.} 54. c8=R Kxc8 55. Kc6 Kd8 56. Kd6 Ke8 57. Kd5 Ke7 58. Ke5 Bb1 59. Kd4 Ke6 60. Ke3 Kf5 61. Kf3 Bc2 62. Kf2 Kxf4 63. Kf1 g5 64. Kf2 Be4 65. Ke2 g4 66. Kf2 g3+ 67. Ke2 g2 68. Kf2 Bd5 69. Kg1 Ke3 70. Kh2 Kf2 71. Kh3 g1=Q 72. Kh4 Qg6 73. Kh3 Qh5#) 54. Ke7 Kxc7 55. Kf6 Bf5 56. Ke5 Kd7 57. Kd5 Ke7 58. Kd4 Kf6 59. Ke3 Bc8 60. Ke4 Bb7+ 61. Kd4 Kf5 62. Ke3 Ba8 63. Kd4 Kxf4 64. Kd3 g5 65. Kd2 g4 66. Kc3 g3 67. Kd3 g2 68. Kd4 g1=Q+ (68... g1=R {is a self mate.} 69. Kd3 Ke5 70. Ke3 Rg3+ 71. Kd2 Kd4 72. Kc2 Rg2+ 73. Kb3 Bd5+ 74. Kb4 Bc4 75. Ka3 Kc5 76. Ka4 Ra2#) 69. Kc4 Qe3 70. Kb5 Qd4 71. Ka5 Qb2 72. Ka6 Bc6 73. Ka7 Qb7#) 50. Ke5 $1 $11 Bc8 $2 (50... Kb4 $11) 51. Kd6 Kc4 52. c6 Kb5 53. Kd5 Kb6 54. Kd6 Bg4 55. Kd5 Kc7 56. Kc5 Bf3 57. Kd4 Bxc6 58. Ke5 Bd7 59. Kf6 Bf5 0-1